 Dungeon Crawl Stone Soup version 0.31-a0-232-gb1c03b2570 (webtiles) character file.

Game seed: 4767623968582617889

156 qw the Shooter (level 5, 0/44 HPs)
             Began as a Minotaur Hexslinger on July 7, 2023.
             Slain by a ball python (1 damage)
             ... on level 3 of the Dungeon.
             The game lasted 00:00:51 (1633 turns).

qw the Shooter (Minotaur Hexslinger)                Turns: 1633, Time: 00:00:52

Health: 0/44       AC:  0    Str: 12    XL:     5   Next: 14%
Magic:  5/5        EV: 19    Int: 10    God:
Gold:   91         SH:  0    Dex: 20    Spells: 5/6 levels left

rFire   . . .        Y - melded +2 sling
rCold   . . .        (shield currently unavailable)
rNeg    . . .        j - melded +0 ring mail
rPois   .            (helmet currently unavailable)
rElec   .            (cloak currently unavailable)
rCorr   .            e - melded +0 pair of gloves
SInv    .            (boots currently unavailable)
Will    .....        (no amulet)
Stlth   ++           (ring currently unavailable)
HPRegen 0.27/turn    (ring currently unavailable)
MPRegen 0.09/turn

%: no passive effects
@: bat-form (expiring), flying, very quick
A: fast, flying, no casting, tiny, (horns 2), (retaliatory headbutt)
a: no special abilities


You were on level 3 of the Dungeon.
You were a bat.
You visited 1 branch of the dungeon, and saw 3 of its levels.

You collected 124 gold pieces.
You spent 33 gold pieces at shops.


Innate Abilities, Weirdness & Mutations

You are a bat.
You are tiny and dextrous.
You move quickly.
You are flying.
Your equipment is almost entirely melded.
You are incapable of wielding weapons or throwing items.
You cannot cast spells.
((You have a pair of horns on your head.))
((You reflexively headbutt those who attack you in melee.))


   Skills:
 + Level 2.8 Fighting
 - Level 5.0 Ranged Weapons
 - Level 1.9 Armour
 - Level 2.1 Dodging
 - Level 1.0 Spellcasting
 - Level 2.0 Hexes


You had 5 spell levels left.
You knew the following spells:

 Your Spells              Type           Power      Damage    Failure   Level
a - Slow                  Hex            16%        N/A       16%         1

Your spell library contained the following spells:

 Spells                   Type           Power      Damage    Failure   Level
 Inner Flame              Hex/Fire       2%         N/A       56%         3
 Portal Projectile        Hex/Tloc       4%         N/A       56%         3
 Cause Fear               Hex            2%         N/A       83%         4

Inventory:

Hand Weapons
 Y - a +2 sling (melded)
Armour
 e - a +0 pair of gloves (melded)
 j - a +0 ring mail (melded)
Jewellery
 a - an amulet of faith
Scrolls
 d - a scroll of fear {unknown}
Potions
 b - a potion of brilliance {unknown}
 c - a potion of curing
 h - a potion of degeneration {unknown}
 i - a potion of heal wounds {unknown}

Dungeon Overview and Level Annotations

Branches:
Dungeon (3/15)

Altars:
Cheibriados

Shops:
D:1 *

Annotations:
D:3 Natasha


Message History

The hobgoblin shouts!
Enter note:
Enter note:
Enter note:
1625 ||| FLEEEEING.
Found 7 stones.
Enter note:
Enter note:
Enter note:
1626 ||| FLEEEEING.
The endoplasm jiggles.
The hobgoblin barely misses you.
Enter note:
Enter note:
Enter note: You barely miss the hobgoblin.
The hobgoblin barely misses you.
You hit the quokka.
The quokka is moderately wounded.
The quokka bites you.
You hit the quokka but do no damage.
The quokka is moderately wounded.
The hobgoblin misses you. The ball python barely misses you.
The ball python misses you. The quokka misses you.
You hit the quokka but do no damage.
The quokka is moderately wounded.
Your transformation is almost over.
The hobgoblin hits you. The ball python barely misses you.
The ball python misses you. The quokka barely misses you.
You hit the quokka.
The quokka is severely wounded.
The ball python misses you. x2; The hobgoblin misses you.
The quokka misses you.
The cerulean imp hits you from afar with a +0 spear.
You hit the quokka.
You kill the quokka!
The ball python misses you. The ball python barely misses you.
The hobgoblin closely misses you. The cerulean imp closely misses you.
You hit the endoplasm but do no damage.
The cerulean imp disappears in a puff of smoke!
The ball python bites you.
You die...

#.#.#.#.#.#.#.#.#.#.#.#+########
.#.#.#.#.#.#.#.#.#.#.#..........
#.#.#.#.#.#.#.#.#.#.#...........
#.#.#5#.#.#.#.#.#.#.#..........
#.#.#.#.#.#.#.#.#.#...........
#.#.#.#.#.......#.#..........
#.#.#.#.#.#.#...#.#.########
#.#.#.#....J..#.#.## .#
#.#.#.#.#.#b#.#.#.#.#
.#.#.#.#.#.#.¤gS...#.#.##
#.#.#.# #.#.#...#.#.#.#.. #.#.#
#.#!..#.#.#.#.### #(#.#.#
.#...... #.#.#.# .#.#.#.#
#.#.#.#.# #.#.## #.#
<.#.#.#..^.... #.#( $#
#.#.#.#.#. .. #. .# #.#.#


You could see an endoplasm, a hobgoblin and a ball python.

Vanquished Creatures
  An iron imp (D:3)
  Jessica (D:2)
  Natasha (D:3)
  3 worms (D:2)
  7 bats
  5 endoplasms
  2 giant cockroaches (D:2)
  9 goblins
  5 hobgoblins
  8 jackals
  5 kobolds
  3 quokkas
  6 ball pythons
  2 frilled lizards (D:1)
  5 rats
63 creatures vanquished.

Notes
Turn   | Place    | Note
-------+----------+-------------------------------------------
     0 | D:1      | qw the Minotaur Hexslinger began the quest for the Orb.
     0 | D:1      | Reached XP level 1. HP: 16/16 MP: 1/1
     0 | D:1      | 0 ||| qw: Version: 0.3-a-46-gb1f654a
     0 | D:1      | 0 ||| qw: Game counter: 2631
     0 | D:1      | 0 ||| qw: Melee chars always use a shield: true
     0 | D:1      | 0 ||| qw: God list: Okawaru
     0 | D:1      | 0 ||| qw: Allow faded altars: false
     0 | D:1      | 0 ||| qw: Do Orc after clearing Dungeon:15 true
     0 | D:1      | 0 ||| qw: Do second Lair branch before Depths: true
     0 | D:1      | 0 ||| qw: Lair rune preference: random
     0 | D:1      | 0 ||| qw: Goals: Normal
     0 | D:1      | 0 ||| PLANNING D:1-11
    87 | D:1      | Reached skill level 3 in Ranged Weapons
   111 | D:1      | Reached XP level 2. HP: 23/23 MP: 2/2
   336 | D:1      | Found Kadentigh's General Store.
   347 | D:1      | Reached XP level 3. HP: 29/29 MP: 3/3
   350 | D:1      | 350 ||| SHOPLISTING +0 cloak (49 gold, have 43).
   350 | D:1      | 350 ||| BUYING scroll of teleportation (33 gold).
   350 | D:1      | Bought a scroll of teleportation for 33 gold pieces
   350 | D:1      | 350 ||| SHOPLISTING scroll of teleportation (33 gold, have
                  | 10).
   521 | D:1      | 521 ||| UPGRADING to +0 pair of gloves.
   526 | D:1      | 526 ||| DROPPING ring of magical power.
   527 | D:1      | 527 ||| READING scroll labelled HAOPIO TASAIRPH.
   528 | D:1      | 528 ||| DRINKING 3 murky pink potions.
   529 | D:1      | 529 ||| DROPPING scroll of poison.
   530 | D:1      | 530 ||| DROPPING 2 potions of attraction.
   759 | D:2      | Reached skill level 4 in Ranged Weapons
  1025 | D:2      | Noticed Jessica
  1028 | D:2      | Killed Jessica
  1029 | D:2      | Reached XP level 4. HP: 36/36 MP: 4/4
  1117 | D:2      | Reached skill level 5 in Ranged Weapons
  1335 | D:2      | 1335 ||| UPGRADING to +0 leather armour.
  1345 | D:2      | 1345 ||| DROPPING +0 robe.
  1346 | D:2      | 1346 ||| UPGRADING to +0 ring mail.
  1356 | D:2      | 1356 ||| DROPPING +0 leather armour.
  1357 | D:2      | 1357 ||| READING scroll labelled VOGYUCIEMP.
  1358 | D:2      | 1358 ||| READING scroll labelled LARIFY JALYNOM.
  1519 | D:3      | Found a snail-covered altar of Cheibriados.
  1520 | D:3      | Noticed Natasha
  1522 | D:3      | 1522 ||| FLEEEEING.
  1523 | D:3      | 1523 ||| FLEEEEING.
  1524 | D:3      | 1524 ||| FLEEEEING.
  1525 | D:3      | 1525 ||| FLEEEEING.
  1526 | D:3      | 1526 ||| FLEEEEING.
  1527 | D:3      | 1527 ||| FLEEEEING.
  1554 | D:3      | Reached skill level 1 in Armour
  1561 | D:3      | 1561 ||| READING 4 scrolls of teleportation.
  1562 | D:3      | Killed Natasha
  1563 | D:3      | Reached XP level 5. HP: 12/42 MP: 5/5
  1568 | D:3      | 1568 ||| FLEEEEING.
  1574 | D:3      | 1574 ||| READING 3 scrolls of teleportation.
  1591 | D:3      | Noticed Natasha
  1601 | D:3      | 1601 ||| READING 2 scrolls of teleportation.
  1601 | D:3      | HP: 10/44 [cerulean imp/+0 spear[Natasha] (3)]
  1602 | D:3      | 1602 ||| FLEEEEING.
  1603 | D:3      | 1603 ||| FLEEEEING.
  1604 | D:3      | 1604 ||| FLEEEEING.
  1605 | D:3      | 1605 ||| FLEEEEING.
  1607 | D:3      | 1607 ||| FLEEEEING.
  1608 | D:3      | 1608 ||| READING scroll of teleportation.
  1609 | D:3      | 1609 ||| FLEEEEING.
  1610 | D:3      | 1610 ||| FLEEEEING.
  1611 | D:3      | 1611 ||| FLEEEEING.
  1612 | D:3      | 1612 ||| FLEEEEING.
  1614 | D:3      | 1614 ||| FLEEEEING.
  1615 | D:3      | 1615 ||| FLEEEEING.
  1616 | D:3      | 1616 ||| FLEEEEING.
  1617 | D:3      | 1617 ||| FLEEEEING.
  1618 | D:3      | 1618 ||| FLEEEEING.
  1619 | D:3      | 1619 ||| FLEEEEING.
  1620 | D:3      | 1620 ||| FLEEEEING.
  1621 | D:3      | 1621 ||| FLEEEEING.
  1622 | D:3      | 1622 ||| FLEEEEING.
  1623 | D:3      | 1623 ||| FLEEEEING.
  1624 | D:3      | 1624 ||| FLEEEEING.
  1625 | D:3      | 1625 ||| FLEEEEING.
  1626 | D:3      | 1626 ||| FLEEEEING.
  1628 | D:3      | HP: 6/44 [quokka (3)]
  1631 | D:3      | HP: 1/44 [cerulean imp/+0 spear[Natasha] (5)]
  1633 | D:3      | Slain by a ball python

Levels and vault maps discovered:
D:1:      tarquinn_simple_flora_water_f, layout_rooms, serial_shops,
          nicolae_shop_statue_plus, chequers_serial_rivers_small_a,
          chequers_serial_rivers_micro_e, st_stairs_10, dk_noncrumbling_4,
          minmay_misc_feat_x, minmay_crystal_water
D:2:      layout_loops_cross, minmay_fractal_squares_gapless_5, uniq_jessica
D:3:      layout_basic, slow_altar_1, serial_glass, glass_columns_a,
          glass_columns_a, uniq_natasha

Skill      XL: |  1  2  3  4 |
---------------+-------------+-----
Ranged Weapons | 3 4 5 |  5.0
Fighting       | 2 |  2.8
Armour         | 1 |  1.9
Dodging        | |  2.1
Spellcasting   | |  1.0
Hexes          | |  2.0

Action                     |  1- 3 |  4- 6 || total
---------------------------+-------+-------++-------
  Melee: Unarmed           |       |     9 ||     9
   Fire: Sling             |   136 |    33 ||   169
    Use: Scroll            |     1 |     6 ||     7
         Potion            |     1 |       ||     1
 Armour: Robe              |    13 |       ||    13
         Ring mail         |       |     8 ||     8
         Skin              |       |     2 ||     2
  Dodge: Dodged            |    40 |    29 ||    69

Table legend:
 A = Non-vault XP
 B = Vault XP
 C = Vault XP percentage of total XP
 D = Non-vault monster count
 E = Vault monster count
 F = Vault count percentage of total count
                 A         B        C        D         E       F
            +---------+---------+-------+---------+---------+-------
      Total |      98 |     125 |  56.1 |      54 |       9 |  14.3
            +---------+---------+-------+---------+---------+-------
        D:1 |      42 |       5 |  10.6 |      24 |       3 |  11.1
        D:2 |      48 |      46 |  48.9 |      25 |       4 |  13.8
        D:3 |       8 |      74 |  90.2 |       5 |       2 |  28.6
            +---------+---------+-------+---------+---------+-------
